 Dungeon Crawl Stone Soup version 0.22.1-2-g9c5b331383 (webtiles) character file.

5191 Jynx the Basher (level 10, -9/64 HPs)
             Began as a Gargoyle Fighter on Nov 24, 2018.
             Was a Believer of Okawaru.
             Mangled by a polar bear (16 damage)
             ... on level 9 of the Dungeon.
             The game lasted 00:16:28 (7850 turns).

Jynx the Basher (Gargoyle Fighter)                  Turns: 7850, Time: 00:16:29

Health: -9/64      AC: 17    Str: 24    XL:     10   Next: 60%
Magic:  11/11      EV:  6    Int: 10    God:    Okawaru [**....]
Gold:   553        SH: 20    Dex: 11    Spells: 9/9 levels left

rFire    + . .     SeeInvis .   H - +0 morningstar
rCold    . . .     Gourm    .   o - +1 large shield
rNeg     + . .     Faith    .   b - +1 scale mail
rPois    ∞         Spirit   .   (no helmet)
rElec    +         Reflect  +   e - +0 cloak
rCorr    .         Harm     .   (no gloves)
MR       .....                  (no boots)
Stlth    ..........             j - +2 amulet of reflection
HPRegen  0.20/turn              d - ring of protection from fire
MPRegen  0.12/turn              C - +4 ring of strength

@: no status effects
A: negative energy resistance 1, screaming 1, electricity resistance,
unbreathing, petrification resistance, rot immunity, AC +7
a: Heroism, Renounce Religion


You were on level 9 of the Dungeon.
You worshipped Okawaru.
Okawaru was pleased with you.
You were not hungry.

You visited 2 branches of the dungeon, and saw 10 of its levels.

You collected 553 gold pieces.

Inventory:

Hand Weapons
 a - a +1 flail
 H - a +0 morningstar (weapon)
 I - a +1 dire flail
Armour
 b - a +1 scale mail (worn)
 e - a +0 cloak (worn)
 o - a +1 large shield (worn)
Jewellery
 d - a ring of protection from fire (left hand)
 j - a +2 amulet of reflection (around neck)
 k - an uncursed ring of magical power
 u - a cursed -2 ring of slaying {unknown}
 B - an uncursed amulet of magic regeneration
 C - a +4 ring of strength (right hand)
 D - an uncursed amulet of rage
 F - an uncursed ring of protection from magic {unknown}
Wands
 g - a wand of polymorph (7)
 q - a wand of clouds (4)
 J - a wand of digging (17)
Scrolls
 l - a scroll of fear
 m - a scroll of blinking
 n - a scroll of amnesia
 s - a scroll of remove curse
 v - 3 scrolls of teleportation
 E - a scroll of vulnerability {unknown}
 G - a scroll of magic mapping
Potions
 c - a potion of agility
 h - 2 potions of degeneration {unknown}
 i - 4 potions of lignification {unknown}
 p - 3 potions of heal wounds
 r - 2 potions of curing {unknown}
 t - a potion of cancellation {unknown}
 w - a potion of ambrosia {unknown}
 x - 4 potions of flight {unknown}
 z - a potion of magic {unknown}
 A - 2 potions of haste {unknown}
Comestibles
 f - 12 rations


   Skills:
 + Level 8.2 Fighting
 * Level 9.8 Maces & Flails
 + Level 8.2 Armour
 + Level 8.2 Shields
 + Level 2.0 Invocations


You had 9 spell levels left.
You didn't know any spells.
Your spell library contained the following spells:

 Spells                   Type           Power        Failure   Level  Hunger
 Animate Skeleton         Necr           N/A          100%        1    ##.....
 Corona                   Hex            #......      100%        1    ##.....
 Pain                     Necr           #...         100%        1    ##.....
 Ensorcelled Hibernation  Hex/Ice        #.....       100%        2    ###....
 Confuse                  Hex            #.......     100%        3    ####...
 Dazzling Spray           Conj/Hex       #.....       100%        3    ####...
 Regeneration             Chrm/Necr      #.........   100%        3    ####...
 Tukima's Dance           Hex            #.......     100%        3    ####...
 Vampiric Draining        Necr           #.........   100%        3    ####...
 Animate Dead             Necr           N/A          100%        4    #####..


Dungeon Overview and Level Annotations

Branches:
Dungeon (9/15)             Temple (1/1) D:6
   Lair: D:8-11         Orc: D:9-12

Altars:
Ashenzari
Cheibriados
Dithmenos
Elyvilon
Fedhas
Gozag
Hepliaklqana
Kikubaaqudgha
Makhleb
Nemelex Xobeh
Okawaru
Qazlal
Ru
Sif Muna
Trog
Uskayaw
Vehumet
Wu Jian
Xom
Yredelemnul
Zin
The Shining One

Annotations:
D:6 2 transporters


Innate Abilities, Weirdness & Mutations

You are resistant to torment.
Your stone body is resilient. (AC +7)
You are immune to poison.
You resist negative energy. (rN+)
You are resistant to electric shocks. (rElec)
You can survive without breathing.
You are immune to petrification.
You are immune to rotting.
You occasionally shout uncontrollably at your foes.


Message History

The polar bear bites you!
* * * LOW HITPOINT WARNING * * *
The polar bear claws you but does no damage.
You block the polar bear's attack. x2; The polar bear barely misses you.
The polar bear claws you but does no damage.
The quokka barely misses you.
You closely miss the polar bear.
The polar bear is almost dead.
The polar bear completely misses you.
The polar bear claws you but does no damage.
You block the polar bear's attack. You block the quokka's attack.
The polar bear bites you!
* * * LOW HITPOINT WARNING * * *
The polar bear claws you.
* * * LOW HITPOINT WARNING * * *
The polar bear claws you but does no damage.
You barely miss the polar bear.
The polar bear is almost dead.
You block the quokka's attack. The polar bear bites you!
You die...

##..........#
.#...........#
.....>.......#
#(....<....####
#..............
.#......≈.≈≈..≈.
#....###..≈≈≈≈≈..
#.....##.?≈≈≈≈≈..
........@h≈≈≈≈≈..
.......r..≈≈≈≈≈..
.........≈.≈≈≈...
...............(
...........(....
........#######.
........#
........#


You could see a polar bear (berserk) and a quokka.

Vanquished Creatures
  Pikel (D:6)
  6 yaks
  A hungry ghost (D:7)
  A water moccasin (D:8)
  5 ice beasts
  A black bear (D:8)
  A phantom (D:6)
  4 sky beasts
  An orc warrior (D:6)
  3 centaurs
  3 ogres
  A big kobold (D:8)
  3 bullfrogs
  A scorpion (D:8)
  4 killer bees (D:6)
  5 wights (D:8)
  6 howler monkeys (D:8)
  4 crimson imps
  A centaur skeleton (D:8)
  6 orc priests
  Crazy Yiuf (D:7)
  4 hounds
  2 jellies
  2 bullfrog skeletons
  Terence (D:3)
  An iguana (D:7)
  3 orc wizards
  8 worker ants
  3 gnolls (D:7)
  4 adders
  2 white imps (D:9)
  2 oozes (D:2)
  An adder skeleton (D:6)
  3 worms
  2 dart slugs
  An adder simulacrum (D:9)
  2 leopard geckos
  13 orcs
  7 bats
  4 giant cockroaches
  7 hobgoblins
  12 jackals
  13 kobolds
  8 quokkas
  6 frilled lizards
  8 goblins
  2 leopard gecko skeletons
  A quokka zombie (D:8)
  7 rats
188 creatures vanquished.

Vanquished Creatures (others)
  A slave (D:6)
  An orc warrior (D:6)
  2 orc priests (D:6)
  A hound zombie (D:6)
  A shadow imp (D:6)
  5 orcs
  2 quokkas (D:6)
13 creatures vanquished.

Grand Total: 201 creatures vanquished

Notes
Turn   | Place    | Note
-------+----------+-------------------------------------------
     0 | D:1      | Jynx the Gargoyle Fighter began the quest for the Orb.
     0 | D:1      | Reached XP level 1. HP: 14/14 MP: 1/1
   130 | D:1      | Reached XP level 2. HP: 15/19 MP: 2/2
   626 | D:1      | Reached XP level 3. HP: 23/23 MP: 3/3
   970 | D:2      | Found an ornate altar of the Wu Jian Council.
  1262 | D:2      | Reached skill level 3 in Maces & Flails
  1262 | D:2      | Reached XP level 4. HP: 26/29 MP: 4/4
  1664 | D:3      | Noticed Terence
  1694 | D:3      | Killed Terence
  2338 | D:4      | Reached XP level 5. HP: 33/33 MP: 5/5
  2393 | D:4      | Reached skill level 4 in Maces & Flails
  2395 | D:4      | Reached XP level 6. HP: 13/39 MP: 6/6
  3018 | D:4      | Found a sparkling altar of Nemelex Xobeh.
  3160 | D:5      | Entered Level 5 of the Dungeon
  3160 | D:5      | Noticed an ice beast
  3165 | D:5      | Killed an ice beast
  3210 | D:5      | Reached XP level 7. HP: 43/44 MP: 7/7
  3242 | D:5      | Found a sacrificial altar of Ru.
  3395 | D:5      | Reached skill level 5 in Fighting
  3395 | D:5      | Reached skill level 5 in Maces & Flails
  3395 | D:5      | Reached skill level 5 in Shields
  3687 | D:5      | Reached skill level 5 in Armour
  4256 | D:6      | Found a hide-covered altar of Uskayaw.
  4269 | D:6      | Noticed Pikel
  4283 | D:6      | Reached XP level 8. HP: 34/50 MP: 8/8
  4508 | D:6      | Killed Pikel
  4508 | D:6      | Reached skill level 6 in Maces & Flails
  4724 | D:6      | Found a transporter.
  4726 | D:6      | Noticed a kobold demonologist
  4731 | D:6      | Noticed a kobold demonologist
  4741 | D:6      | Found a transporter.
  4970 | D:6      | Reached skill level 7 in Maces & Flails
  5148 | D:6      | Noticed a yak
  5148 | D:6      | Noticed a yak
  5148 | D:6      | Noticed a yak
  5148 | D:6      | Noticed a yak
  5148 | D:6      | Noticed a yak
  5170 | D:6      | Killed a yak
  5170 | D:6      | Reached XP level 9. HP: 44/56 MP: 9/9
  5205 | D:6      | Reached skill level 8 in Maces & Flails
  5398 | D:6      | Found a staircase to the Ecumenical Temple.
  5463 | Temple   | Entered the Ecumenical Temple
  5568 | Temple   | Became a worshipper of Warmaster Okawaru
  5956 | D:7      | Gained mutation: You occasionally shout uncontrollably at
                  | your foes. [potion of mutation]
  5956 | D:7      | Gained mutation: Your large and strong wings let you fly
                  | indefinitely. [potion of mutation]
  5957 | D:7      | Lost mutation: You occasionally shout uncontrollably at
                  | your foes. [potion of mutation]
  5957 | D:7      | Lost mutation: Your large and strong wings let you fly
                  | indefinitely. [potion of mutation]
  5957 | D:7      | Gained mutation: You have large cloven feet. [potion of
                  | mutation]
  5957 | D:7      | Gained mutation: You are agile. (Dex +2) [potion of
                  | mutation]
  5958 | D:7      | Lost mutation: You are agile. (Dex +2) [potion of mutation]
  5958 | D:7      | Lost mutation: You have large cloven feet. [potion of
                  | mutation]
  5958 | D:7      | Gained mutation: You occasionally shout uncontrollably at
                  | your foes. [potion of mutation]
  5958 | D:7      | Gained mutation: You are clumsy. (Dex -2) [potion of
                  | mutation]
  5958 | D:7      | Lost mutation: You are clumsy. (Dex -2) [potion of
                  | mutation]
  6427 | D:7      | Found a deep blue altar of Sif Muna.
  6480 | D:7      | Reached XP level 10. HP: 55/63 MP: 10/10
  6496 | D:7      | Reached skill level 9 in Maces & Flails
  6652 | D:7      | Found a runed door.
  6656 | D:7      | Noticed Crazy Yiuf
  6662 | D:7      | Killed Crazy Yiuf
  6695 | D:8      | Reached * piety under Okawaru
  6922 | D:8      | Reached skill level 1 in Invocations
  7330 | D:8      | Found a snail-covered altar of Cheibriados.
  7331 | D:8      | Found a blossoming altar of Fedhas.
  7471 | D:8      | Reached ** piety under Okawaru
  7850 | D:9      | Mangled by a polar bear

Skill      XL: |  1  2  3  4  5  6  7  8  9 10 |
---------------+-------------------------------+-----
Maces & Flails | 3 4 5 7 8 9 |  9.8
Shields        | 4 5 6 7 8 |  8.2
Fighting       | 4 5 6 7 8 |  8.2
Armour         | 4 5 6 7 8 |  8.2
Invocations    | 2 |  2.0

Action                   |  1- 3 |  4- 6 |  7- 9 | 10-12 || total
-------------------------+-------+-------+-------+-------++-------
Melee: Flail             |   133 |   146 |   483 |   135 ||   897
       Morningstar       |       |       |       |   111 ||   111
  Use: Scroll            |     2 |    12 |     3 |     2 ||    19
       Potion            |       |     2 |     4 |       ||     6
  Eat: Chunk             |     1 |     6 |    14 |     5 ||    26
       Ration            |       |       |     2 |       ||     2
Armor: Scale mail        |    85 |    79 |   156 |   108 ||   428
Dodge: Dodged            |    48 |    36 |    65 |    36 ||   185
Block: Shield            |    84 |    43 |       |       ||   127
       Large shield      |       |    75 |   419 |   241 ||   735
       Reflection        |       |     1 |     8 |     3 ||    12
